 Dungeon Crawl Stone Soup version 0.30-a0-916-g9813417 (webtiles) character file.

Game seed: 7374201019182836996

10164 Dorkslayer the Fighter (level 11, 0/68 HPs)
             Began as a Gargoyle Fighter on Apr 15, 2023.
             Was an Initiate of Gozag.
             Slain by a slime creature (9 damage)
             ... on level 9 of the Dungeon on Apr 16, 2023.
             The game lasted 00:30:53 (9048 turns).

Dorkslayer the Fighter (Gargoyle Fighter)           Turns: 9048, Time: 00:30:54

Health: 0/68       AC: 27    Str: 20    XL:     11   Next: 57%
Magic:  11/11      EV:  8    Int:  9    God:    Gozag
Gold:   1194       SH:  6    Dex: 13    Spells: 10/10 levels left

rFire   . . .      SeeInvis +    a - +0 war axe
rCold   . . .      Faith    .    c - +0 buckler
rNeg    + . .      Spirit   .    m - +1 plate armour
rPois   ∞          Reflect  .    D - +0 hat
rElec   +          Rampage  .    z - +2 cloak {rCorr}
rCorr   +                        E - +0 pair of gloves
Will    .....                    (no boots) Stlth
                                 (no amulet)
HPRegen 0.31/turn                g - ring of see invisible
MPRegen 0.12/turn                t - ring of resist corrosion

@: no status effects
A: sickness immunity, AC +8, negative energy resistance 1, electricity
resistance, torment resistance 1, petrification resistance
a: Renounce Religion, Potion Petition, Call Merchant, Bribe Branch


You were on level 9 of the Dungeon.
You worshipped Gozag.
Gozag was most pleased with you.
You visited 2 branches of the dungeon, and saw 10 of its levels.

You collected 1916 gold pieces.
You spent 662 gold pieces at shops.
You paid 60 gold pieces to Gozag.

Inventory:

Hand Weapons
 a - a +0 war axe (weapon)
 K - a +1 scimitar of flaming
Missiles
 o - 2 throwing nets (quivered)
 x - 3 javelins
 F - 4 boomerangs of dispersal
 I - 2 curare-tipped darts
Armour
 c - a +0 buckler (worn)
 m - a +1 plate armour (worn)
 z - a +2 cloak of preservation (worn)
 D - a +0 hat (worn)
 E - a +0 pair of gloves (worn)
Jewellery
 g - a ring of see invisible (left hand)
 t - a ring of resist corrosion (right hand)
 u - a ring of positive energy
Wands
 s - a wand of mindburst (6)
 A - a wand of flame (3)
 L - a wand of iceblast (10)
 M - a wand of light (7)
 N - a wand of polymorph (3)
Scrolls
 i - 2 scrolls of amnesia {unknown}
 j - 5 scrolls of enchant armour
 k - a scroll of torment
 n - a scroll of fear {unknown}
 p - 2 scrolls of teleportation
 q - a scroll of immolation
 w - a scroll of identify
 y - 4 scrolls of butterflies
 B - a scroll of fog {unknown}
 H - a scroll of blinking {unknown}
 J - a scroll of enchant weapon {unknown}
 O - a scroll of magic mapping {unknown}
Potions
 b - a potion of resistance {unknown}
 d - 2 potions of might
 e - 2 potions of magic
 f - 4 potions of attraction
 h - a potion of flight
 r - a potion of cancellation {unknown}
 v - a potion of brilliance {unknown}
 C - a potion of invisibility
 G - 2 potions of mutation


   Skills:
 + Level 8.3 Fighting
 + Level 6.4 Axes
 - Level 4.2 Throwing
 + Level 8.2 Armour
 + Level 6.0 Dodging
 + Level 8.2 Shields
 * Level 8.1 Evocations


You had 10 spell levels left.
You didn't know any spells.
Your spell library contained the following spells:

 Spells                   Type           Power      Damage    Failure   Level
 Beastly Appendage        Tmut           0%         N/A       100%        1
 Shock                    Conj/Air       0%         1d3       100%        1
 Slow                     Hex            0%         N/A       100%        1
 Sting                    Tmut/Pois      0%         1d3       100%        1
 Poisonous Vapours        Pois/Air       0%         N/A       100%        2
 Wereblood                Tmut           0%         N/A       100%        2
 Confusing Touch          Hex            0%         N/A       100%        3
 Ozocubu's Armour         Ice            0%         N/A       100%        3
 Spider Form              Tmut/Pois      0%         N/A       100%        3
 Vampiric Draining        Necr           0%         2d6       100%        3
 Manifold Assault         Tloc           0%         N/A       100%        4
 Olgreb's Toxic Radiance  Pois           0%         N/A       100%        4
 Plasma Beam              Fire/Air       0%         2x1d11    100%        5
 Summon Forest            Summ/Tloc      0%         N/A       100%        5
 Summon Mana Viper        Hex/Summ       0%         N/A       100%        5
 Dispersal                Tloc           0%         N/A       100%        6
 Summon Cactus Giant      Summ           0%         N/A       100%        6
 Ozocubu's Refrigeration  Ice            0%         4d7       100%        7
 Disjunction              Tloc           0%         N/A       100%        8
 Ignition                 Fire           0%         3d3       100%        8


Dungeon Overview and Level Annotations

Branches:
Dungeon (9/15)             Temple (1/1) D:4            Lair (0/5) D:9
    Orc (0/2) D:9

Altars:
Ashenzari
Cheibriados
Dithmenos
Elyvilon
Fedhas
Gozag
Kikubaaqudgha
Makhleb
Nemelex Xobeh
Okawaru
Qazlal
Ru
Sif Muna
Trog
Uskayaw
Wu Jian
Xom
Yredelemnul
Zin
The Shining One

Shops:
D:1 *


Innate Abilities, Weirdness & Mutations

You are immune to sickness and miasma.
Your stone body is resilient. (AC +8)
You are immune to poison.
You resist negative energy. (rN+)
You are resistant to electric shocks. (rElec)
You are resistant to unholy torment.
You are immune to petrification.


Message History

The slime creature is severely wounded.
You hit the slime creature.
The slime creature hits you but does no damage.
You block the slime creature's attack. The slime creature hits you.
* * * LOW HITPOINT WARNING * * *
You block the slime creature's attack.
You slash the slime creature!
The slime creature is almost dead.
You slash the slime creature!
The slime creature hits you but does no damage.
The slime creature closely misses you.
Unknown command.
You hit the slime creature.
The slime creature is almost dead.
You hit the slime creature but do no damage.
The slime creature hits you.
* * * LOW HITPOINT WARNING * * *
The slime creature closely misses you.
Unknown command.
You feel better. The slime creature hits you!
* * * LOW HITPOINT WARNING * * *
The slime creature hits you but does no damage.
You feel better. You block the slime creature's attack.
The slime creature closely misses you.
You barely miss the slime creature.
The slime creature is almost dead.
You slash the slime creature! The slime creature hits you.
* * * LOW HITPOINT WARNING * * *
The slime creature hits you!
* * * LOW HITPOINT WARNING * * *
Unknown command.
You hit the slime creature.
You kill the slime creature!
You hit the slime creature but do no damage.
The slime creature hits you but does no damage.
You hit the slime creature.
The slime creature is heavily wounded.
The slime creature hits you!
You die...
Your body crumbles into a pile of gold.

##...# ##J.##.##
###.# #..#.....
######)## ##.##.#.#
#.....[.# #.#.##..
#.......# ##J.#.##
#.......# #.......
#.......#######O###.
#..$$...'..# #.#...
#..@J...########).##
#...$..<#####.#)#)..
###'##....##..#.)#..
####.#####..#.#.#.#.#
#....# ##.##J......
##'###### #O#J.O.##..
#.......# #...#..# #.
#.......# ######## .
#.......# #######


You could see a slime creature.

Vanquished Creatures
  Maggie (D:8)
  A hornet (D:9)
  3 slime creatures (D:9)
  12 yaks
  2 wyverns
  2 humans (D:9)
  2 steam dragons (D:9)
  A water moccasin (D:5)
  2 sky beasts
  An orc warrior (D:9)
  2 ice beasts
  3 black bears
  3 ogres
  2 centaurs
  2 phantoms (D:4)
  A kobold brigand (D:8)
  2 gnoll sergeants
  5 scorpions
  11 killer bees
  3 howler monkeys (D:9)
  4 hounds
  3 orc priests
  3 jellies
  3 iguanas
  Jessica (D:3)
  3 sleepcaps
  Ijyb (D:3)
  6 orc wizards
  12 gnolls
  9 adders
  2 white imps
  3 ufetubi
  A worm (D:4)
  A dart slug (D:4)
  27 orcs
  6 endoplasms
  6 giant cockroaches
  9 goblins
  6 hobgoblins
  8 jackals
  10 kobolds
  4 quokkas
  7 ball pythons
  9 bats
  3 frilled lizards
  6 rats
214 creatures vanquished.

Vanquished Creatures (others)
  A wizard (D:5)
  An orc warrior (D:9)
  2 gnoll sergeants (D:9)
  A wight (D:9)
  2 orc priests (D:9)
  2 orc wizards (D:9)
  An orc (D:9)
  2 plants (D:4)
12 creatures vanquished.

Grand Total: 226 creatures vanquished

Notes
Turn   | Place    | Note
-------+----------+-------------------------------------------
     0 | D:1      | Dorkslayer the Gargoyle Fighter began the quest for the
                  | Orb.
     0 | D:1      | Reached XP level 1. HP: 14/14 MP: 1/1
   150 | D:1      | Reached XP level 2. HP: 19/19 MP: 2/2
   442 | D:1      | Found Qejeasuy's Assorted Antiques.
   447 | D:1      | Reached skill level 1 in Dodging
   474 | D:1      | Reached XP level 3. HP: 22/23 MP: 3/3
   938 | D:2      | Got the Octavo of the Zephyr and the Snake
  1048 | D:2      | Reached XP level 4. HP: 29/29 MP: 4/4
  1141 | D:2      | You fall into a shaft and drop 2 floors!
  1147 | D:4      | Noticed a phantom
  1179 | D:4      | Killed a phantom
  1180 | D:4      | Reached XP level 5. HP: 33/33 MP: 5/5
  1288 | D:4      | Found a staircase to the Ecumenical Temple.
  1306 | D:4      | Reached XP level 6. HP: 31/39 MP: 6/6
  1311 | Temple   | Entered the Ecumenical Temple
  1391 | Temple   | Became a worshipper of Gozag Ym Sagoz the Greedy
  1473 | D:3      | Noticed Ijyb
  1487 | D:3      | Killed Ijyb
  1512 | D:3      | Found a faded altar of an unknown god.
  1917 | D:3      | Noticed Jessica
  1922 | D:3      | Killed Jessica
  1923 | D:3      | Reached skill level 1 in Evocations
  1984 | D:3      | Noticed a black bear
  1997 | D:3      | Killed a black bear
  1998 | D:3      | Reached XP level 7. HP: 6/44 MP: 7/7
  3178 | D:4      | Reached skill level 5 in Fighting
  3181 | D:4      | Reached skill level 5 in Armour
  3355 | D:5      | Entered Level 5 of the Dungeon
  3426 | D:5      | Reached XP level 8. HP: 49/49 MP: 8/8
  3443 | D:5      | Reached skill level 5 in Shields
  3711 | D:5      | Found a bloodstained altar of Trog.
  3713 | D:5      | Noticed a wizard
  3718 | D:5      | Killed a wizard
  4490 | D:6      | Reached XP level 9. HP: 44/55 MP: 9/9
  4663 | D:6      | Reached skill level 5 in Evocations
  4877 | D:1      | Bought a glowing cloak for 187 gold pieces
  4877 | D:1      | Bought a scroll labelled LOHUAPROMY for 25 gold pieces
  4877 | D:1      | Bought 2 scrolls of enchant armour for 375 gold pieces
  4877 | D:1      | Bought 3 scrolls labelled TINENW KUPAH for 75 gold pieces
  5629 | D:6      | Reached skill level 5 in Axes
  6001 | D:7      | Reached skill level 5 in Dodging
  6001 | D:7      | Reached XP level 10. HP: 64/64 MP: 10/10
  6027 | D:7      | Reached XP level 11. HP: 57/68 MP: 11/11
  6691 | D:8      | Found a stormy altar of Qazlal.
  6927 | D:8      | Noticed Maggie
  6933 | D:8      | Killed Maggie
  7439 | D:9      | Found an iron altar of Okawaru.
  7527 | D:9      | Found a shimmering altar of Xom.
  7530 | D:9      | Found a burning altar of Makhleb.
  7975 | D:9      | Found a staircase to the Lair.
  8123 | D:9      | Found a staircase to the Orcish Mines.
  9048 | D:9      | Slain by a slime creature

Illustrated notes

Levels and vault maps discovered:
D:1:      spicycebolla_arrival_xxxplode, layout_basic, serial_shops, shop
D:2:      layout_basic, minmay_misc_feat_x, chequers_serial_rivers_small_b
D:3:      layout_loops_corners, nicolae_ecumenical_oubliette, st_stairs_13,
          uniq_ijyb, uniq_jessica
D:4:      layout_basic, minmay_temple_entry_overgrown, dreamdust_wishing_well
D:5:      layout_loops_cross, trog_wizard
D:6:      layout_cave_pods
D:7:      layout_basic, minmay_statues_item
D:8:      layout_basic, mainiacjoe_overflow_surrounded_room, uniq_maggie
D:9:      layout_roguey, xom_confusion_cloud, mainiacjoe_overflow_tiny_flanked,
          okawaru_humans, lair_entry_dummy, erik_orc_3
Temple:   regret_index_temple_generic_petals

Skill      XL: |  1  2  3  4  5  6  7  8  9 10 11 |
---------------+----------------------------------+-----
Dodging        | 1 2 3 4 5 6 |  6.0
Axes           | 2 3 4 5 6 |  6.4
Fighting       | 4 5 7 8 |  8.3
Armour         | 4 5 7 8 |  8.2
Shields        | 4 5 7 8 |  8.2
Evocations     | 1 2 4 7 8 |  8.1
Throwing       | 4 |  4.2

Action                     |  1- 3 |  4- 6 |  7- 9 | 10-12 || total
---------------------------+-------+-------+-------+-------++-------
  Melee: War axe           |   101 |   115 |   401 |   353 ||   970
  Throw: Dart              |       |     9 |    13 |     1 ||    23
         Throwing net      |       |       |       |     2 ||     2
  Evoke: Wand              |       |       |     2 |     4 ||     6
    Use: Scroll            |       |     4 |     6 |     7 ||    17
         Potion            |       |     1 |     5 |     5 ||    11
   Stab: Distracted        |       |       |     1 |     3 ||     4
 Armour: Scale mail        |    36 |       |       |       ||    36
         Plate armour      |    45 |    96 |   426 |   290 ||   857
  Dodge: Dodged            |    54 |    47 |   171 |   162 ||   434
  Block: Buckler           |    19 |    28 |   151 |   133 ||   331

Table legend: (Time is in decaauts)
 A = Elapsed time spent in this place.
 B = Non-inter-level travel time spent in this place.
 C = Inter-level travel time spent in this place.
 D = Time resting spent in this place.
 E = Time spent auto-exploring this place.
 F = Levels seen in this place.
 G = Mean time per level.
                   A        B        C        D        E       F      G
               +--------+--------+--------+--------+--------+-----+--------+
         Total |   9353 |   9094 |    259 |    294 |   3227 |  10 |  935.3 |
       Dungeon |   9205 |   8946 |    259 |    294 |   3227 |   9 | 1022.8 |
        Temple |    147 |    147 |      0 |      0 |      0 |   1 |  147.0 |
               +--------+--------+--------+--------+--------+-----+--------+

Top non-repeatable levels by time:
     D:9: 1710 daAuts
     D:3: 1224 daAuts
     D:5: 1196 daAuts
     D:6: 1192 daAuts
     D:8: 1029 daAuts
     D:4: 862 daAuts
     D:2: 830 daAuts
     D:1: 637 daAuts
     D:7: 522 daAuts
  Temple: 147 daAuts
